 Dungeon Crawl Stone Soup version 0.23-a0-612-gcb482e9 (webtiles) character file.

50 Borgoz the Skirmisher (level 3, 0/33 HPs)
             Began as a Ghoul Abyssal Knight on Dec 22, 2018.
             Was a Follower of Lugonu.
             Slain by Natasha (1 damage)
             ... on level 2 of the Dungeon.
             The game lasted 00:02:22 (1399 turns).

Borgoz the Skirmisher (Ghoul Abyssal Knight)        Turns: 1399, Time: 00:02:24

Health: 0/33       AC:  3    Str: 15    XL:     3   Next: 79%
Magic:  3/3        EV: 11    Int:  7    God:    Lugonu [*.....]
Gold:   147        SH:  0    Dex:  9    Spells: 2/2 levels left

rFire    . . .     SeeInvis .     - Unarmed
rCold    + . .     Gourm    .   (no shield)
rNeg     + + +     Faith    .   a - +0 leather armour
rPois    ∞         Spirit   .   (no helmet)
rElec    .         Reflect  .   (no cloak)
rCorr    .         Harm     .   (no gloves)
MR       .....                  (no boots)
Stlth    +.........             (no amulet)
HPRegen  0.00/turn              (no ring)
MPRegen  0.08/turn              (no ring)

@: rotting, slowed, very slow
A: rotting body, claws 1, carnivore, cold resistance 1, negative energy
resistance 3, inhibited regeneration, torment resistance, unbreathing
a: Depart the Abyss, Renounce Religion


You were on level 2 of the Dungeon.
You worshipped Lugonu.
Lugonu was aware of your devotion.
You were not hungry.

You visited 1 branch of the dungeon, and saw 2 of its levels.
You visited the Abyss 1 time.

You collected 147 gold pieces.

Inventory:

Armour
 a - a +0 leather armour (worn)
Scrolls
 c - a scroll of vulnerability {unknown}
 e - a scroll of identify {unknown}
 f - a scroll of remove curse {unknown}
 h - 3 scrolls of teleportation {unknown}
 n - a scroll of enchant armour {unknown}
Potions
 d - 4 potions of haste {unknown}
 g - a potion of curing {unknown}
 i - 3 potions of heal wounds {unknown}
 j - a potion of degeneration {unknown}
 k - 2 potions of agility {unknown}
 l - 4 potions of brilliance {unknown}
Comestibles
 b - 5 rations
 m - 3 chunks of flesh


   Skills:
 + Level 3.8 Fighting
 + Level 2.3 Armour
 + Level 1.3 Dodging
 + Level 2.8 Unarmed Combat
 + Level 2.4 Invocations


You had 2 spell levels left.
You didn't know any spells.
Your spell library was empty.

Dungeon Overview and Level Annotations

Branches:
Dungeon (2/15)

Altars:
Dithmenos

Annotations:
D:2 Natasha


Innate Abilities, Weirdness & Mutations

Your body is rotting away.
You thrive on raw meat.
You are immune to poison.
You have sharp fingernails.
You are carnivorous and can eat meat at any time.
Your flesh is cold resistant. (rC+)
You are immune to negative energy. (rN+++)
You do not regenerate when monsters are visible.
You are immune to unholy pain and torment.
You can survive without breathing.


Message History

Natasha is severely wounded.
Natasha stares at you and mumbles some strange words.
You feel yourself slow down.
You closely miss Natasha.
Natasha is severely wounded.
Natasha barely misses you.
You scratch Natasha.
Natasha is severely wounded.
Natasha barely misses you. Natasha claws you!
* * * LOW HITPOINT WARNING * * *
You scratch Natasha.
Natasha is almost dead.
Natasha misses you.
You completely miss Natasha.
Natasha is almost dead.
Natasha stares at you and mumbles some strange words.
The magic dart hits you!
* * * LOW HITPOINT WARNING * * *
Natasha claws you.
You die...

#####################
......h@............#
############################.#
.............)........# #.#
...##################.# #.#
...'...........# #.# #.#
...#####..####.######.######.#
#### #..# #.#.............#
#..# #.#.#.##.########
#..####.#.......#


You could see Natasha.

Vanquished Creatures
  2 worms (D:2)
  2 leopard geckos
  4 bats
  2 giant cockroaches
  5 goblins (D:1)
  8 hobgoblins
  3 jackals (D:1)
  5 kobolds
  A frilled lizard (D:2)
  3 rats
35 creatures vanquished.

Notes
Turn   | Place    | Note
-------+----------+-------------------------------------------
     0 | Abyss:1  | Borgoz the Ghoul Abyssal Knight began the quest for the
                  | Orb.
     0 | Abyss:1  | Reached XP level 1. HP: 19/19 MP: 1/1
    54 | Abyss:1  | Noticed an ancient zyme
    54 | Abyss:1  | Noticed a hell hound
    77 | Abyss:2  | Noticed a wretched star
    78 | D:1      | Escaped the Abyss
   267 | D:1      | Reached XP level 2. HP: 23/26 MP: 2/2
   348 | D:1      | Reached skill level 1 in Dodging
   417 | D:1      | Reached * piety under Lugonu
   736 | D:1      | Reached XP level 3. HP: 29/30 MP: 3/3
   999 | D:2      | Found a shadowy altar of Dithmenos.
  1386 | D:2      | Noticed Natasha
  1399 | D:2      | HP: 1/33 [Natasha/magic dart (6)]
  1399 | D:2      | Slain by Natasha

Vault maps used:
D:1:      dpeg_arrival_boxorama, minmay_pentomino_q2
D:2:      lemuel_coloured_pillars_altar, first_ration,
          nicolae_dithmenos_through_a_glass_darkly, uniq_natasha
Abyss:1:  hangedman_cross_veins

Skill      XL: |  1  2 |
---------------+-------+-----
Armour         | 2 |  2.3
Dodging        | 1 |  1.3
Fighting       | |  3.8
Unarmed Combat | |  2.8
Invocations    | |  2.4

Action                   || total
-------------------------++-------
Melee: Unarmed           ||   139
       Punch             ||     1
Invok: Depart the Abyss  ||     1
  Eat: Chunk             ||    12
Armor: Leather armour    ||    35
Dodge: Dodged            ||    89

Table legend:
 A = Non-vault XP
 B = Vault XP
 C = Vault XP percentage of total XP
 D = Non-vault monster count
 E = Vault monster count
 F = Vault count percentage of total count
                 A         B        C        D         E       F
            +---------+---------+-------+---------+---------+-------
      Total |      68 |       4 |   5.6 |      33 |       2 |   5.7
            +---------+---------+-------+---------+---------+-------
        D:1 |      33 |       4 |  10.8 |      17 |       2 |  10.5
        D:2 |      35 |       0 |   0.0 |      16 |       0 |   0.0
            +---------+---------+-------+---------+---------+-------
